 Dungeon Crawl Stone Soup version 0.22.0-27-ga576289 (webtiles) character file.

466 leisz the Skirmisher (level 7, -2/61 HPs)
             Began as a Hill Orc Fighter on Aug 21, 2018.
             Was a Follower of Okawaru.
             Killed by divine providence
             ... invoked by an orc priest
              (13 damage)
             ... on level 4 of the Dungeon.
             The game lasted 00:30:35 (3588 turns).

leisz the Skirmisher (Hill Orc Fighter)             Turns: 3588, Time: 00:30:36

Health: -2/61      AC:  8    Str: 21    XL:     7   Next: 8%
Magic:  7/7        EV:  7    Int: 11    God:    Okawaru [*.....]
Gold:   225        SH: 10    Dex: 10    Spells: 6/6 levels left

rFire    . . .     SeeInvis .   D - +0 war axe
rCold    . . .     Gourm    .   c - +0 shield
rNeg     . . .     Faith    .   k - +0 scale mail
rPois    .         Spirit   .   (no helmet)
rElec    .         Reflect  .   (no cloak)
rCorr    .         Harm     .   (no gloves)
MR       .....     Rnd*Tele +   o - +0 pair of boots
Stlth    ..........             (no amulet)
HPRegen  0.20/turn              s - ring of teleportation (curse)
MPRegen  0.10/turn              G - +3 ring of intelligence

@: slowed, very slow
A: no striking features
a: Heroism, Renounce Religion, Convert to Beogh


You were on level 4 of the Dungeon.
You worshipped Okawaru.
Okawaru was aware of your devotion.
You were hungry.

You visited 1 branch of the dungeon, and saw 4 of its levels.

You collected 225 gold pieces.

Inventory:

Hand Weapons
 a - a +0 flail
 x - a +0 blowgun
 D - a +0 war axe (weapon)
Missiles
 j - 143 stones
 l - 89 sling bullets
 u - 72 arrows
 y - 28 poisoned needles
 A - a tomahawk (quivered)
Armour
 b - a +0 scale mail
 c - a +0 shield (worn)
 k - a +0 scale mail (worn)
 o - a +0 pair of boots (worn)
Jewellery
 s - a cursed ring of teleportation (left hand)
 G - a +3 ring of intelligence (right hand)
Scrolls
 e - a scroll of amnesia
 i - a scroll of fear {unknown}
 m - 6 scrolls of identify {unknown}
 n - a scroll of random uselessness {unknown}
 p - 2 scrolls of noise {unknown}
 q - a scroll of remove curse {unknown}
 v - 2 scrolls of teleportation {unknown}
 w - 3 scrolls of blinking {unknown}
Potions
 d - a potion of might
 f - a potion of degeneration {unknown}
 h - 3 potions of curing
 r - a potion of berserk rage
 t - a potion of cancellation {unknown}
 z - 2 potions of heal wounds {unknown}
 B - a potion of ambrosia {unknown}
 C - a potion of mutation {unknown}
 E - a potion of lignification
Comestibles
 g - 8 rations
 F - 5 chunks of flesh


   Skills:
 + Level 5.5 Fighting
 + Level 1.5(3.5) Axes
 - Level 4.1(4.2) Maces & Flails
 + Level 5.1 Armour
 + Level 5.1 Shields


You had 6 spell levels left.
You didn't know any spells.
Your spell library was empty.

Dungeon Overview and Level Annotations

Branches:
Dungeon (4/15)
 Temple: D:4-7

Altars:
Dithmenos
Fedhas
Gozag
Okawaru
Qazlal
Wu Jian
Yredelemnul

Shops:
D:4 [


Message History

The orc wizard casts a spell.
The orc wizard blinks!
The orc priest calls down the wrath of Beogh upon you.
Beogh smites you!
* * * LOW HITPOINT WARNING * * *
Throwing (i - inventory. (/) - cycle)
A - 2 tomahawks (quivered)
Press: ? - help, Shift-Dir - straight line, f - orc priest
Aim: an orc priest, wearing a ring mail You throw a tomahawk.
The tomahawk hits the orc priest but does no damage.
You block the orc priest's attack.
Throwing (i - inventory. (/) - cycle)
A - a tomahawk (quivered)
Press: ? - help, Shift-Dir - straight line, p - orc priest
Okay, then.
You hit the orc priest.
The orc priest shouts, "Surrender to Beogh and we'll let you live!"
The orc priest is moderately wounded.
The orc priest invokes the aid of Beogh against you.
Beogh smites you!
You die...

##.##############.........#...
#.#.#####...## #.#.# ##.##
.(######## #.#.# .# .o§((S.§(#
#...# .# #.######S# #..## .#
#.# #..# .# #o#####..#
#So@.....# ########.# ..# #.#
#.# .. .#


You could see an orc priest, an orc wizard and an adder.

Vanquished Creatures
  An ogre (D:4)
  A centaur (D:4)
  A jelly (D:3)
  An orc priest (D:4)
  A centaur skeleton (D:4)
  2 orc wizards
  A worker ant (D:4)
  4 adders
  An ooze (D:2)
  An adder skeleton (D:4)
  3 worms
  A dart slug (D:2)
  2 leopard geckos (D:3)
  15 orcs
  3 giant cockroaches
  7 goblins
  5 hobgoblins
  2 jackals (D:3)
  7 kobolds
  2 quokkas
  6 bats
  8 frilled lizards
  A quokka skeleton (D:4)
  7 rats
83 creatures vanquished.

Notes
Turn   | Place    | Note
-------+----------+-------------------------------------------
     0 | D:1      | leisz the Hill Orc Fighter began the quest for the Orb.
     0 | D:1      | Reached XP level 1. HP: 19/19 MP: 1/1
   294 | D:1      | Reached XP level 2. HP: 21/27 MP: 2/2
  1046 | D:2      | Reached XP level 3. HP: 22/33 MP: 3/3
  1366 | D:2      | Found an opulent altar of Gozag.
  1368 | D:2      | Found an iron altar of Okawaru.
  1405 | D:2      | Found a basalt altar of Yredelemnul.
  1414 | D:2      | Found a shadowy altar of Dithmenos.
  1451 | D:2      | Became a worshipper of Warmaster Okawaru
  1545 | D:2      | Found a blossoming altar of Fedhas.
  1548 | D:2      | Reached XP level 4. HP: 40/40 MP: 4/4
  1556 | D:2      | Found a stormy altar of Qazlal.
  2157 | D:3      | Reached XP level 5. HP: 24/47 MP: 5/5
  2878 | D:4      | Found Haeres's Armour Emporium.
  3123 | D:4      | Reached XP level 6. HP: 55/55 MP: 6/6
  3124 | D:4      | Reached skill level 5 in Fighting
  3138 | D:4      | Reached * piety under Okawaru
  3424 | D:4      | Found an ornate altar of the Wu Jian Council.
  3454 | D:4      | Reached skill level 1 in Axes
  3454 | D:4      | Reached skill level 5 in Armour
  3454 | D:4      | Reached skill level 5 in Shields
  3454 | D:4      | Reached XP level 7. HP: 56/61 MP: 7/7
  3588 | D:4      | Killed from afar by an orc priest

Skill      XL: |  1  2  3  4  5  6 |
---------------+-------------------+-----
Fighting       | 4 5 |  5.5
Maces & Flails | 3 4 |  4.1
Shields        | 4 5 |  5.1
Armour         | 4 5 |  5.1
Axes           | 1 |  1.5

Action                   |  1- 3 |  4- 6 |  7- 9 || total
-------------------------+-------+-------+-------++-------
Melee: Flail             |   125 |   171 |       ||   296
       War axe           |       |    18 |    38 ||    56
 Fire: Blowgun           |       |     6 |       ||     6
Throw: Tomahawk          |       |    11 |     7 ||    18
       Stone             |       |     4 |       ||     4
  Use: Scroll            |     2 |       |       ||     2
       Potion            |       |     4 |       ||     4
  Eat: Ration            |     1 |     1 |       ||     2
       Chunk             |       |     2 |       ||     2
Armor: Scale mail        |    62 |    75 |    13 ||   150
       Skin              |       |    13 |       ||    13
Dodge: Dodged            |    39 |    63 |     8 ||   110
Block: Shield            |    69 |   108 |    29 ||   206
